 Dungeon Crawl Stone Soup version 0.31-a0-1522-g43313d8a59 (webtiles) character file.

Game seed: 9609517741422475667

16 TheScarfBastard the Chopper (level 2, 0/27 HPs)
             Began as a Minotaur Berserker on Dec 31, 2023.
             Was a Follower of Trog.
             Slain by a rat (1 damage)
             ... on level 1 of the Dungeon.
             The game lasted 00:01:13 (296 turns).

TheScarfBastard the Chopper (Minotaur Berserker)     Turns: 296, Time: 00:01:13

Health: 0/27       AC:  2    Str: 21    XL:     2   Next: 37%
Magic:  1/1        EV: 12    Int:  4    God:    Trog [*.....]
Gold:   33         SH:  0    Dex:  9    Spells: 1/1 levels left

rFire   . . .        a - +0 hand axe
rCold   . . .        (no shield)
rNeg    . . .        b - +0 animal skin
rPois   .            (helmet restricted)
rElec   .            (no cloak)
rCorr   .            (no gloves)
SInv    .            (no boots)
Will    .....        (no amulet)
Stlth   +            (no ring)
HPRegen 0.24/turn    (no ring)
MPRegen 0.07/turn

%: no passive effects
@: lethally poisoned (0 -> -4)
A: horns 2, retaliatory headbutt
a: Renounce Religion, Berserk


You were on level 1 of the Dungeon.
You worshipped Trog.
Trog was aware of your devotion.
You visited 1 branch of the dungeon, and saw 1 of its levels.

You collected 33 gold pieces.

Inventory:

Hand Weapons
 a - a +0 hand axe (weapon)
 d - a +2 dagger of venom
Armour
 b - a +0 animal skin (worn)
Scrolls
 c - a scroll of identify {unknown}


   Skills:
 + Level 4.0 Fighting
 + Level 4.1 Axes
 + Level 2.5 Armour
 + Level 2.3 Dodging


You had one spell level left.
You didn't know any spells.
Your spell library was empty.

Dungeon Overview and Level Annotations

Branches:
Dungeon (1/15)

Altars:

Shops:
D:1 ?

Annotations:
D:1 1 transporter


Innate Abilities, Weirdness & Mutations

You have a pair of horns on your head.
You reflexively headbutt those who attack you in melee.


Message History

You barely miss the goblin.
The goblin is moderately wounded.
You closely miss the rat. You hit the ball python.
You feel very sick.
The ball python bites you but does no damage.
The ball python constricts you. The rat bites you.
The goblin barely misses you. The ball python closely misses you.
The ball python constricts you.
You hit the goblin.
The goblin is almost dead.
You hit the ball python.
You kill the ball python!
Trog accepts your kill.
You closely miss the rat.
* * * LOW HITPOINT WARNING * * *
You feel very sick. The rat bites you.
* * * LOW HITPOINT WARNING * * *
The goblin hits you with a +2 dagger of venom.
* * * LOW HITPOINT WARNING * * *
It was a potion of curing.
You feel better. The rat bites you.
* * * LOW HITPOINT WARNING * * *
The goblin hits you with a +2 dagger of venom.
* * * LOW HITPOINT WARNING * * *
You are lethally poisoned!
You slash the goblin!
You kill the goblin!
Trog accepts your kill.
You hit the rat but do no damage.
* * * LOW HITPOINT WARNING * * *
You feel very sick. The rat misses you.
* * * LOW HITPOINT WARNING * * *
You feel sick. The rat closely misses you.
Things that are here:
a +2 dagger of venom; a goblin corpse
d - a +2 dagger of venom
* * * LOW HITPOINT WARNING * * *
You feel sick. The rat bites you.
You die...

######## #......#
#....#
##############....#
..................#
.####.)..##.......#
.# #....##...(.@r#
.##########.......#
....# #...###.'#
†...# ##### ....
....# ..... ....#
....... ...##
....... ...######
....... ...'....+


You could see a rat.

Vanquished Creatures
  A dart slug (D:1)
  2 ball pythons (D:1)
  An endoplasm (D:1)
  2 giant cockroaches (D:1)
  A goblin (D:1)
  2 jackals (D:1)
  3 kobolds (D:1)
12 creatures vanquished.

Notes
Turn   | Place    | Note
-------+----------+-------------------------------------------
     0 | D:1      | TheScarfBastard the Minotaur Berserker began the quest for
                  | the Orb.
     0 | D:1      | Reached XP level 1. HP: 19/19 MP: 0/0
    56 | D:1      | Found Ciacs's Magic Scroll Emporium.
    56 | D:1      | Found a transporter.
    56 | D:1      | Found a transporter.
   207 | D:1      | Reached XP level 2. HP: 26/27 MP: 1/1
   296 | D:1      | HP: 1/27 [poisoned by a goblin]
   296 | D:1      | Slain by a rat

Illustrated notes

Levels and vault maps discovered:
D:1:      lightli_molten_gateway, layout_basic, serial_shops,
          nicolae_shop_drivethru, serial_rivers, chequers_serial_rivers_small_a,
          chequers_serial_rivers_micro_c, chequers_serial_rivers_marsh,
          chequers_serial_rivers_room_a, chequers_serial_rivers_marsh

Skill      XL: |  1  2 |
---------------+-------+-----
Axes           | 4 |  4.1
Fighting       | 4 |  4.0
Armour         | |  2.5
Dodging        | |  2.3

Action                     || total
---------------------------++-------
  Melee: Hand axe          ||    20
         Headbutt          ||     1
    Use: Scroll            ||     1
         Potion            ||     1
 Armour: Animal skin       ||    23
  Dodge: Dodged            ||    19

Table legend: (Time is in decaauts)
 A = Elapsed time spent in this place.
 B = Non-inter-level travel time spent in this place.
 C = Inter-level travel time spent in this place.
 D = Time resting spent in this place.
 E = Time spent auto-exploring this place.
 F = Levels seen in this place.
 G = Mean time per level.
                   A        B        C        D        E       F      G
               +--------+--------+--------+--------+--------+-----+--------+
         Total |    302 |    292 |     10 |      0 |    138 |   1 |  302.0 |
       Dungeon |    302 |    292 |     10 |      0 |    138 |   1 |  302.0 |
               +--------+--------+--------+--------+--------+-----+--------+

Top non-repeatable levels by time:
     D:1: 302 daAuts
